 Dungeon Sprint DCSS version 0.16-a0-3781-g2316936 (console) character file.

354 Monkaria the Carver (level 6, -21/66 HPs)
             Began as a Hill Orc Fighter on Jan 25, 2015.
             Was a Priest of Makhleb.
             Demolished by a hill giant
             ... wielding a +0 giant club
              (25 damage)
             ... in the Dungeon (Sprint IX: "|||||||||||||||||||||||||||||").
             The game lasted 00:01:15 (170 turns).

Monkaria the Carver (Hill Orc Fighter)               Turns: 170, Time: 00:01:15

Health: -21/66     AC: 11    Str: 29    XL:     6   Next: 63%
Magic:  6/6        EV:  6    Int: 11    God:    Makhleb [***...]
Gold:   0          SH: 10    Dex: 10    Spells: 0 memorised, 5 levels left

rFire  . . .     SeeInvis .     p - +2 scimitar (holy)
rCold  . . .     Clarity  .     s - +1 chain mail
rNeg   . . .     SustAb   .     c - +0 shield
rPois  .         Gourm    .     q - +0 helmet
rElec  .         Spirit   .     (no cloak)
rCorr  .         Warding  .     (no gloves)
rMut   .         NoTele   +     (no boots)
MR     .....                    (no amulet)
Stlth  ..........               t - +3 ring of strength
                                r - +3 ring of intelligence

@: mighty, very slightly contaminated, hasted, very quick, not resistant to
hostile enchantments, extremely unstealthy
A: no striking features
a: Minor Destruction, Lesser Servant of Makhleb, Renounce Religion


You were in the Dungeon.
You worshipped Makhleb.
Makhleb was most pleased with you.
You were not hungry.

You visited 1 branch

Inventory:

Hand weapons
 p - a +2 scimitar of holy wrath (weapon)
Armour
 c - a +0 shield (worn)
 q - a +0 helmet (worn)
 s - a +1 chain mail (worn)
Jewellery
 r - a +3 ring of intelligence (left hand)
 t - a +3 ring of strength (right hand)
Magical devices
 o - a wand of draining (7)
Scrolls
 k - 2 scrolls of blinking
 m - 3 scrolls of remove curse
 n - 2 scrolls of amnesia
Potions
 f - 5 potions of curing
 g - 3 potions of heal wounds
 i - 4 potions of magic
 j - a potion of berserk rage
 l - a potion of invisibility
Comestibles
 a - 3 chunks of flesh
 d - a meat ration


   Skills:
 + Level 10.0 Fighting
 * Level 12.1 Long Blades
 - Level 3.2 Armour
 - Level 3.2 Shields


You had 5 spell levels left.
You didn't know any spells.

Dungeon Overview and Level Annotations

Branches:
Dungeon (1/1)

Altars:
Cheibriados
Dithmenos
Elyvilon
Fedhas
Gozag
Kikubaaqudgha
Makhleb
Nemelex Xobeh
Okawaru
Qazlal
Ru
Sif Muna
Trog
Vehumet
Xom
Yredelemnul
Zin
The Shining One
Beogh
Jiyva
Lugonu


Message History

You closely miss the hippogriff.
The hippogriff is heavily wounded.
You block the hippogriff's attack.
The hippogriff pecks you but does no damage.
The hippogriff barely misses you.
You slice the hippogriff!!
You kill the hippogriff!
Makhleb accepts your kill.
Your Fighting skill increases to level 10!
Your Long Blades skill gained 2 levels and is now at level 12!
The hill giant hits you with a giant club!!
* * * LOW HITPOINT WARNING * * *
There is an open door, spattered with blood here.
You see here a hippogriff corpse.
You slash the hill giant!
The hill giant is lightly wounded.
You slash the hill giant!
The hill giant is moderately wounded.
The hill giant hits you with a giant club!!
You die... ▓▓▓▓▓▓▓▓▓▓▓▓▓▓▓▓▓▓▓▓▓▓▓▓ +...o5C@....).()...[)|.. ▓▓▓▓▓▓▓▓▓▓▓▓▓▓▓▓▓▓▓▓▓▓▓▓

You could see a hill giant, a crimson imp and an orc.

Vanquished Creatures
  A wyvern (D)
  A hippogriff (D)
  A crimson imp (D)
  A worker ant (D)
  An orc wizard (D)
  An orc (D)
  A bat zombie (D)
  3 goblins (D)
  A hobgoblin (D)
  2 bats (D)
  2 giant newts (D)
  2 kobolds (D)
  A quokka skeleton (D)
  A rat (D)
19 creatures vanquished.

Notes
Turn   | Place    | Note
--------------------------------------------------------------
     0 | D        | Monkaria, the Hill Orc Fighter, began the quest for the Orb.
     0 | D        | Reached XP level 1. HP: 19/19 MP: 1/1
    11 | D        | Reached skill level 4 in Fighting
    35 | D        | Reached XP level 2. HP: 21/28 MP: 2/2
    46 | D        | Found a glowing silver altar of Zin.
    46 | D        | Found a glowing golden altar of the Shining One.
    46 | D        | Found an ancient bone altar of Kikubaaqudgha.
    46 | D        | Found a basalt altar of Yredelemnul.
    46 | D        | Found a shimmering altar of Xom.
    46 | D        | Found a radiant altar of Vehumet.
    46 | D        | Found an iron altar of Okawaru.
    47 | D        | Found a burning altar of Makhleb.
    48 | D        | Found a deep blue altar of Sif Muna.
    49 | D        | Found a bloodstained altar of Trog.
    50 | D        | Found a sparkling altar of Nemelex Xobeh.
    51 | D        | Found a white marble altar of Elyvilon.
    52 | D        | Found a roughly hewn altar of Beogh.
    53 | D        | Found a viscous altar of Jiyva.
    54 | D        | Found a corrupted altar of Lugonu.
    55 | D        | Found a blossoming altar of Fedhas.
    56 | D        | Became a worshipper of Makhleb the Destroyer
    57 | D        | Found a snail-covered altar of Cheibriados.
    58 | D        | Found a shadowy altar of Dithmenos.
    59 | D        | Found a stormy altar of Qazlal.
    60 | D        | Found an opulent altar of Gozag.
    61 | D        | Found a sacrificial altar of Ru.
   111 | D        | Noticed a crimson imp
   111 | D        | Noticed an orc wizard
   111 | D        | Noticed a worker ant
   126 | D        | Killed a worker ant
   126 | D        | Acquired Makhleb's first power
   126 | D        | Reached skill level 5 in Fighting
   126 | D        | Reached skill level 6 in Long Blades
   126 | D        | Reached XP level 3. HP: 29/36 MP: 3/3
   128 | D        | Killed an orc wizard
   128 | D        | Reached skill level 7 in Long Blades
   128 | D        | Reached XP level 4. HP: 40/44 MP: 4/4
   137 | D        | Acquired Makhleb's second power
   144 | D        | Killed a crimson imp
   144 | D        | Reached skill level 8 in Long Blades
   157 | D        | Noticed a crimson imp
   157 | D        | Noticed a hill giant
   157 | D        | Noticed a hippogriff
   157 | D        | Noticed a wyvern
   162 | D        | Killed a wyvern
   162 | D        | Acquired Makhleb's third power
   162 | D        | Reached skill level 9 in Fighting
   162 | D        | Reached skill level 10 in Long Blades
   162 | D        | Reached XP level 5. HP: 36/57 MP: 5/5
   162 | D        | Reached XP level 6. HP: 39/63 MP: 6/6
   167 | D        | Killed a hippogriff
   167 | D        | Reached skill level 10 in Fighting
   167 | D        | Reached skill level 12 in Long Blades
   170 | D        | Demolished by a hill giant

Action                   |  1- 3 |  4- 6 || total
-------------------------+-------+-------++-------
Melee: Long sword        |    28 |       ||    28
       Scimitar          |    17 |    19 ||    36
  Use: Potion            |       |     2 ||     2
